 Dungeon Crawl Stone Soup version 0.22-a0-855-g415d086bb8 (webtiles) character file.

35 LLavrengius the Shield-Bearer (level 3, -1/30 HPs)
             Began as a Formicid Fighter on July 26, 2018.
             Slain by an adder (2 damage)
             ... on level 2 of the Dungeon.
             The game lasted 00:03:08 (1040 turns).

LLavrengius the Shield-Bearer (Formicid Fighter)    Turns: 1040, Time: 00:03:09

Health: -1/30      AC:  3    Str: 21    XL:     3   Next: 55%
Magic:  3/3        EV:  9    Int:  7    God:
Gold:   38         SH:  9    Dex: 10    Spells: 2/2 levels left

rFire    . . .     SeeInvis +   a - +0 war axe
rCold    . . .     Gourm    .   c - +0 shield
rNeg     . . .     Faith    .   e - -2 ring mail (curse)
rPois    .         Spirit   .   (helmet unavailable)
rElec    .         Reflect  .   (no cloak)
rCorr    .         Harm     .   (no gloves)
MR       .....                  (no boots)
Stlth    ..........             m - amulet of rage
HPRegen  0.10/turn              (no ring)
MPRegen  0.08/turn              (no ring)

@: lethally poisoned (-1 -> -13)
A: permanent stasis, dig shafts and tunnels, four strong arms, antennae 3
a: Dig, Shaft Self


You were on level 2 of the Dungeon.
You were hungry.

You visited 1 branch of the dungeon, and saw 2 of its levels.

You collected 38 gold pieces.

Inventory:

Hand Weapons
 a - a +0 war axe (weapon)
Missiles
 i - 24 sling bullets
Armour
 b - a +0 scale mail
 c - a +0 shield (worn)
 e - a cursed -2 ring mail (worn)
Jewellery
 m - an amulet of rage (around neck)
Scrolls
 g - a scroll of immolation {unknown}
 j - a scroll of remove curse {unknown}
 l - a scroll of amnesia {unknown}
 n - a scroll of magic mapping {unknown}
 o - 2 scrolls of identify {unknown}
 p - a scroll of teleportation {unknown}
Potions
 d - a potion of might
 h - 2 potions of magic {unknown}
 k - a potion of haste {unknown}
Comestibles
 f - 3 rations


   Skills:
 + Level 3.8 Fighting
 - Level 2.0 Axes
 - Level 3.2 Armour
 * Level 4.8 Shields


You had 2 spell levels left.
You didn't know any spells.
Your spell library was empty.

Dungeon Overview and Level Annotations

Branches:
Dungeon (2/15)

Altars:


Innate Abilities, Weirdness & Mutations

You cannot be hasted, slowed, berserked, paralysed or teleported.
You can dig through walls and to a lower floor.
Your four strong arms can wield two-handed weapons with a shield.
You have a pair of large antennae on your head. (SInv)


Message History

* * * LOW HITPOINT WARNING * * *
You are lethally poisoned!
The adder poisons you!
You closely miss the adder.
* * * LOW HITPOINT WARNING * * *
You feel sick. The adder bites you.
* * * LOW HITPOINT WARNING * * *
You are more poisoned.
The adder poisons you! You block the adder's attack.
You hit the adder.
The adder is moderately wounded.
* * * LOW HITPOINT WARNING * * *
You feel sick. The adder bites you.
* * * LOW HITPOINT WARNING * * *
You block the adder's attack.
You miss the adder.
The adder is moderately wounded.
* * * LOW HITPOINT WARNING * * *
You feel sick. The adder bites you.
You die...

#.. . ... .. #.#
...###.###
....... . . ....
{ ...
....###.####..#
#.....<.@S...#
..............^..
.....##.####..###
.... #.# .# ...
#.# .. $. #.# ..
. ... # ##.


You could see an adder.

Vanquished Creatures
  An ooze (D:1)
  2 dart slugs (D:1)
  A leopard gecko (D:1)
  A giant cockroach (D:1)
  3 goblins (D:1)
  A hobgoblin (D:1)
  3 jackals (D:1)
  A ball python (D:1)
  3 bats (D:1)
  A frilled lizard (D:1)
  3 kobolds (D:1)
  6 rats (D:1)
  2 plants (D:1)
28 creatures vanquished.

Notes
Turn   | Place    | Note
-------+----------+-------------------------------------------
     0 | D:1      | LLavrengius the Formicid Fighter began the quest for the Orb.
     0 | D:1      | Reached XP level 1. HP: 18/18 MP: 1/1
    30 | D:1      | Reached skill level 4 in Shields
    30 | D:1      | Reached XP level 2. HP: 18/24 MP: 2/2
   195 | D:1      | Reached XP level 3. HP: 23/30 MP: 3/3
  1040 | D:2      | HP: 1/30 [poisoned by an adder]
  1040 | D:2      | Slain by an adder

Vault maps used:
D:1:      saegor_arrival_simple_d, serial_forest, infiniplex_forest_clump_long,
          infiniplex_forest_split, infiniplex_forest_clump_large,
          infiniplex_forest_end_3, infiniplex_forest_clump_small,
          infiniplex_forest_zigzag_1, infiniplex_forest_lined_3,
          minmay_misc_feat_diagonals, corexii_corridor_pit
D:2:      makhleb_blood_cavern_becter, serial_undead, serial_undead_c,
          serial_undead_a, serial_undead_d, serial_undead_e, serial_undead_d,
          serial_undead_f, serial_undead_a, serial_undead_c,
          okawaru_metal_pillars_1_2

Skill      XL: |  1 |
---------------+----+-----
Shields        | 4 |  4.8
Fighting       | |  3.8
Axes           | |  2.0
Armour         | |  3.2

Action                   || total
-------------------------++-------
Melee: War axe           ||   103
Armor: Scale mail        ||     2
       Ring mail         ||    12
Dodge: Dodged            ||    35
Block: Shield            ||    44

Table legend:
 A = Spawn XP
 B = Non-spawn XP
 C = Spawn XP percentage of total XP
 D = Spawn monster count
 E = Non-spawn monster count
 F = Spawn count percentage of total count
 G = Total turns spent on level
                    A         B        C        D         E        F      G
               +---------+---------+-------+---------+---------+-------+---------
         Total |       0 |      51 |   0.0 |       0 |      26 |   0.0 |  1040
               +---------+---------+-------+---------+---------+-------+---------
           D:1 |       0 |      51 |   0.0 |       0 |      26 |   0.0 |  1025
               +---------+---------+-------+---------+---------+-------+---------
